 Dungeon Crawl Stone Soup version 0.24-a0-361-g57161393b2 (webtiles) character file.

Game seed: 18274669436973355614

1451 Azzok the Grappler (level 8, -4/64 HPs)
             Began as a Naga Transmuter on May 26, 2019.
             Was a Believer of Cheibriados.
             Splashed by a jelly's acid (9 damage)
             ... on level 5 of the Dungeon.
             The game lasted 00:07:39 (6397 turns).

Azzok the Grappler (Naga Transmuter)                Turns: 6397, Time: 00:07:40

Health: -4/64      AC: -6    Str: 17    XL:     8   Next: 75%
Magic:  9/13       EV: 19    Int: 19    God:    Cheibriados [**....]
Gold:   156        SH:  0    Dex: 21    Spells: 9/13 levels left

rFire    . . .     SeeInvis +     - Unarmed
rCold    . . .     Gourm    .   (shield currently unavailable)
rNeg     . . .     Faith    .   (armour currently unavailable)
rPois    x         Spirit   .   (helmet currently unavailable)
rElec    .         Reflect  .   (cloak currently unavailable)
rCorr    .         Harm     .   (gloves currently unavailable)
MR       +....                  (no barding)
Stlth    ++........             (no amulet)
HPRegen  0.20/turn              (no ring)
MPRegen  0.13/turn              (no ring)

@: spider-form (expiring), corroded, very slightly contaminated, very slow
A: tiny, see invisible, slow metabolism 1, spit poison 1, AC +2
a: Spit Poison, End Transformation, Bend Time, Renounce Religion


You were on level 5 of the Dungeon.
You worshipped Cheibriados.
Cheibriados was pleased with you.
You were not hungry.
You were a venomous arachnid creature.
You visited 2 branches of the dungeon, and saw 6 of its levels.

You collected 156 gold pieces.

Inventory:

Hand Weapons
 f - a +0 dagger of venom (melded)
 l - the +8 flail of Vengeance {crush, +Fly MR+, unknown}
   (You found it on level 4 of the Dungeon)

   It inflicts extra damage upon your enemies.
   It affects your resistance to hostile enchantments.
   It lets you fly.
Missiles
 a - 27 arrows
Armour
 c - a +0 helmet (melded)
 k - a +0 robe of magic resistance (melded)
Wands
 g - a wand of flame (20)
Scrolls
 h - 2 scrolls of fear {unknown}
 i - 2 scrolls of remove curse {unknown}
 j - a scroll of identify {unknown}
 m - 2 scrolls of teleportation {unknown}
 n - a scroll of amnesia {unknown}
 o - a scroll of noise {unknown}
 q - a scroll of magic mapping {unknown}
 s - a scroll of immolation {unknown}
Potions
 b - 2 potions of brilliance {unknown}
 e - 4 potions of curing {unknown}
 p - a potion of ambrosia {unknown}
Comestibles
 d - 9 rations


   Skills:
 - Level 1.0 Fighting
 - Level 1.5 Dodging
 + Level 9.4 Unarmed Combat
 + Level 3.3 Spellcasting
 + Level 3.5 Transmutations
 + Level 3.7 Invocations


You had 9 spell levels left.
You knew the following spells:

 Your Spells              Type           Power        Failure   Level  Hunger
a - Spider Form           Tmut/Pois      ##........   43%         3    ###....
l - Beastly Appendage     Tmut           ###...       11%         1    None

Your spell library contained the following spells:

 Spells                   Type           Power        Failure   Level  Hunger
 Sticks to Snakes         Tmut           ###.....     14%         2    ##.....
 Ice Form                 Ice/Tmut       ##......     77%         4    ####...
 Blade Hands              Tmut           ###.......   85%         5    ######.


Dungeon Overview and Level Annotations

Branches:
Dungeon (5/15)             Temple (1/1) D:4

Altars:
Ashenzari
Cheibriados
Dithmenos
Elyvilon
Fedhas
Gozag
Hepliaklqana
Kikubaaqudgha
Makhleb
Nemelex Xobeh
Okawaru
Qazlal
Ru
Sif Muna
Trog
Wu Jian
Xom
Yredelemnul
The Shining One

Shops:
D:4 =


Innate Abilities, Weirdness & Mutations

You cannot wear boots.
((Your serpentine skin is tough. (AC +2)))
You have supernaturally acute eyesight. (SInv)
((Armour fits poorly on your strangely shaped body.))
((Your system is resistant to poisons. (rPois)))
((You cover ground very slowly.))
You have a slow metabolism.
You can spit poison.


Message History

The centaur hits you! The howler monkey closely misses you.
The centaur closely misses you.
You barely miss the centaur.
The centaur is moderately wounded.
The howler monkey hits you! The centaur misses you.
The centaur barely misses you. x2; The howler monkey misses you.
The jelly hits you.
* * * LOW HITPOINT WARNING * * *
The acid corrodes you!
You are splashed with acid.
* * * LOW HITPOINT WARNING * * *
A worker ant comes into view.
The worker ant twitches its antennae in your direction.
The centaur barely misses you. The jelly misses you. The centaur hits you!
* * * LOW HITPOINT WARNING * * *
Your transformation is almost over.
The centaur wields a +0 shortbow.
The centaur shoots an arrow.
The arrow misses you. The jelly completely misses you. The jelly hits you.
* * * LOW HITPOINT WARNING * * *
The acid corrodes you!
You are splashed with acid!
You die...

▒▒▒ ▒ · ····
▒·5·▒▒▒▒· ▒···▒▒▒▒
·······<· ▒·▒▒···
▒·····§·· ▒·▒▒·▒▒▒▒
▒········ ▒·······▒
▒····!··o ·
▒(······▒ ▒······o·
··· ▒<······▒
▒········
·····▒···sho·▒
▒··o···o·
··········Jc·▒▒
·········
········▒a▒oo·▒ ····
▒▒▒····)▒·▒S·(▒▒▒o·▒
▒·····▒·▒$·o5)···▒
▒·······▒···▒▒··>▒
········▒▒▒▒·▒ ·▒▒▒
········· ··· ·▒
·········· ···▒▒▒▒


You could see a centaur, a howler monkey, a jelly, a worker ant, an orc priest,
a crimson imp, an adder and 3 orcs.

Vanquished Creatures
  Grinder (D:3)
  Sigmund (D:2)
  An ice beast (D:4)
  A phantom (D:4)
  An ogre (D:4)
  A centaur (D:3)
  4 orc wizards
  4 orc priests (D:4)
  A gnoll shaman (D:4)
  A hound (D:5)
  A centaur skeleton (D:4)
  Jessica (D:2)
  Terence (D:2)
  Natasha (thrice) (D:3)
  A bullfrog skeleton (D:4)
  2 worker ants (D:4)
  A killer bee zombie (D:5)
  Robin (D:2)
  6 gnolls
  5 adders
  An adder skeleton (D:4)
  2 dart slugs
  3 leopard geckos
  13 orcs
  7 bats
  A giant cockroach (D:2)
  7 goblins
  12 hobgoblins
  4 jackals (D:2)
  6 kobolds
  A quokka (D:4)
  A ball python (D:3)
  13 frilled lizards
  A leopard gecko skeleton (D:4)
  7 rats
117 creatures vanquished.

Notes
Turn   | Place    | Note
-------+----------+-------------------------------------------
     0 | D:1      | Azzok the Naga Transmuter began the quest for the Orb.
     0 | D:1      | Reached XP level 1. HP: 18/18 MP: 3/3
   624 | D:1      | Reached XP level 2. HP: 22/25 MP: 5/5
  1357 | D:1      | Reached skill level 4 in Unarmed Combat
  1384 | D:1      | Reached XP level 3. HP: 20/31 MP: 6/6
  1589 | D:1      | Learned a level 3 spell: Spider Form
  2043 | D:2      | Reached XP level 4. HP: 38/38 MP: 7/7
  2063 | D:2      | Noticed Jessica
  2064 | D:2      | Noticed Sigmund
  2398 | D:2      | Noticed Robin
  2406 | D:2      | Killed Robin
  2406 | D:2      | Reached skill level 5 in Unarmed Combat
  2512 | D:2      | Killed Sigmund
  2512 | D:2      | Reached skill level 6 in Unarmed Combat
  2512 | D:2      | Reached XP level 5. HP: 24/44 MP: 5/8
  2512 | D:2      | Reached XP level 6. HP: 28/51 MP: 5/9
  2659 | D:2      | Noticed Terence
  2667 | D:2      | Killed Terence
  2744 | D:2      | Killed Jessica
  2744 | D:2      | Reached skill level 7 in Unarmed Combat
  2745 | D:2      | You fall into a shaft and drop 2 floors!
  3084 | D:4      | Reached XP level 7. HP: 57/57 MP: 6/10
  3140 | D:4      | Reached skill level 8 in Unarmed Combat
  3155 | D:4      | Found a staircase to the Ecumenical Temple.
  3180 | Temple   | Entered the Ecumenical Temple
  3688 | D:4      | Found a snail-covered altar of Cheibriados.
  3691 | D:4      | Got an ebony flail
  3698 | D:4      | Became a worshipper of Cheibriados the Contemplative
  3899 | D:4      | Reached skill level 1 in Invocations
  4340 | D:4      | Reached XP level 8. HP: 54/64 MP: 7/11
  4450 | D:4      | Found Dugyecwao's Jewellery Shoppe.
  4472 | D:4      | Reached skill level 9 in Unarmed Combat
  4727 | D:5      | Entered Level 5 of the Dungeon
  4805 | D:3      | Noticed Grinder
  4810 | D:3      | Paralysed by Grinder for 2 turns
  4811 | D:3      | Killed Grinder
  4907 | D:3      | Reached * piety under Cheibriados
  4945 | D:3      | Noticed Natasha
  4950 | D:3      | Killed Natasha
  5156 | D:3      | Noticed Natasha
  5161 | D:3      | Killed Natasha
  5265 | D:3      | Noticed Natasha
  5270 | D:3      | Killed Natasha
  5838 | D:2      | Reached ** piety under Cheibriados
  6397 | D:5      | Splashed by a jelly's acid

Levels and vault maps discovered:
D:1:      nzn_arrival_settlement, layout_loops_ring, minmay_lizard_king
D:2:      layout_basic, first_ration, kennysheep_big_empty_room, st_stairs_10,
          uniq_robin, uniq_jessica, uniq_terence, uniq_sigmund
D:3:      layout_rooms, uniq_grinder, uniq_natasha
D:4:      layout_loops_corners, overflow_temple_1_default, temple_green,
          serial_shops, shop_fountains, minmay_tree_intersection
D:5:      layout_basic, serial_shops, shop, uniq_prince_ribbit1
Temple:   compressed_dpeg_circular_temple

Skill      XL: |  1  2  3  4  5  6  7  8 |
---------------+-------------------------+-----
Unarmed Combat | 4 6 7 8 9 |  9.4
Invocations    | 2 3 |  3.7
Spellcasting   | 3 |  3.3
Transmutations | 3 |  3.5
Fighting       | |  1.0
Dodging        | |  1.5

Action                   |  1- 3 |  4- 6 |  7- 9 || total
-------------------------+-------+-------+-------++-------
Melee: Unarmed           |    91 |    41 |    86 ||   218
       Punch             |     2 |       |     8 ||    10
       Dagger            |    30 |    58 |   111 ||   199
 Cast: Beastly Appendage |     1 |       |       ||     1
       Spider Form       |       |     7 |    18 ||    25
 Stab: Distracted        |     1 |       |       ||     1
       Sleeping          |     1 |       |       ||     1
  Eat: Chunk             |     2 |     3 |     8 ||    13
       Ration            |       |       |     1 ||     1
Armor: Robe              |    19 |    17 |    53 ||    89
       Skin              |       |       |     3 ||     3
Dodge: Dodged            |    58 |    62 |   127 ||   247

Table legend:
 A = Non-vault XP
 B = Vault XP
 C = Vault XP percentage of total XP
 D = Non-vault monster count
 E = Vault monster count
 F = Vault count percentage of total count
                 A         B        C        D         E       F
            +---------+---------+-------+---------+---------+-------
      Total |    1415 |     659 |  31.8 |      96 |      21 |  17.9
            +---------+---------+-------+---------+---------+-------
        D:1 |      34 |      10 |  22.7 |      19 |       8 |  29.6
        D:2 |      90 |     324 |  78.3 |      25 |      11 |  30.6
        D:3 |     333 |     325 |  49.4 |      19 |       2 |   9.5
        D:4 |     885 |       0 |   0.0 |      30 |       0 |   0.0
        D:5 |      73 |       0 |   0.0 |       3 |       0 |   0.0
            +---------+---------+-------+---------+---------+-------
